 Dungeon Crawl Stone Soup version 0.28.0-53-g5a82cb258f (webtiles) character file.

Game seed: 7550183559180961497

204290 safid the Messiah (level 18, -2/173 HPs)
             Began as a Hill Orc Fighter on Aug 6, 2022.
             Was the Champion of Beogh.
             Killed from afar by a salamander mystic (5 damage)
             ... with a lance of force
             ... on level 4 of the Snake Pit.
             The game lasted 01:13:02 (32382 turns).

safid the Messiah (Hill Orc Fighter)               Turns: 32382, Time: 01:13:03

Health: -2/173     AC: 33    Str: 24    XL:     18   Next: 64%
Magic:  40/40      EV:  9    Int: 12    God:    Beogh [******]
Gold:   736        SH: 15    Dex: 24    Spells: 17/17 levels left

rFire   . . .      SeeInvis +   T - +8 broad axe (flame)
rCold   + + +      Faith    .   m - +0 kite shield
rNeg    + + .      Spirit   .   L - +8 chain mail of Fon Xoaxzo {rPois Dex+4}
rPois   +          Reflect  .   j - +2 helmet of Atheism {rN+ Dex+4}
rElec   .          Harm     .   r - +2 cloak
rCorr   .          Rampage  .   M - +2 pair of gloves of the Arcane {rN+ Will++ Int+4}
Will    ++++.                   E - +1 pair of boots
Stlth   ..........              d - amulet of regeneration
HPRegen 1.18/turn               F - ring of Imephuh {rC+++ Will+ MP+9 Str-3 Dex+6}
MPRegen 0.27/turn               W - ring of see invisible

@: constricted
A: walk on water
}: 1/15 runes: decaying
a: Renounce Religion, Smiting, Recall Orcish Followers, Give Item to Named
Follower, Resurrection


You were on level 4 of the Snake Pit.
You worshipped Beogh.
Beogh was exalted by your worship.
You visited 5 branches of the dungeon, and saw 31 of its levels.
You also visited: Gauntlet and Ice Cave.

You collected 3721 gold pieces.
You spent 2985 gold pieces at shops.

Inventory:

Hand Weapons
 c - the +4 rapier of Moeniseme {freeze, Will+}
   (You took it off a centaur on level 15 of the Dungeon)

   It freezes those it strikes, dealing additional cold damage.
   It can also slow down cold-blooded creatures.
   Will:      It increases your willpower.
 T - a +8 broad axe of flaming (weapon)
 Z - the +5 trident "Tubefy" {venom, rF+ Int+4}
   (You found it on level 4 of the Snake Pit)

   It poisons the flesh of those it strikes.
   Int:       It affects your intelligence (+4).
   rF:        It protects you from fire.
Missiles
 a - 3 throwing nets
 v - 7 silver javelins
 I - 6 curare-tipped darts (quivered)
 X - 32 poisoned darts
Armour
 j - the +2 helmet of Atheism (worn) {rN+ Dex+4}
   (You found it in a Gauntlet)

   Dex:       It affects your dexterity (+4).
   rN:        It protects you from negative energy.
 m - a +0 kite shield (worn)
 r - a +2 cloak (worn)
 E - a +1 pair of boots (worn)
 L - the +8 chain mail of Fon Xoaxzo (worn) {rPois Dex+4}
   (You took it off an orc on level 4 of the Dungeon)

   Dex:       It affects your dexterity (+4).
   rPois:     It protects you from poison.
 M - the +2 pair of gloves of the Arcane (worn) {rN+ Will++ Int+4}
   (You found it on level 4 of the Dungeon)

   Int:       It affects your intelligence (+4).
   rN:        It protects you from negative energy.
   Will:      It greatly increases your willpower.
 U - the +8 ring mail of Immorality {rF+ Dex+3}
   (You found it on level 14 of the Dungeon)

   Dex:       It affects your dexterity (+3).
   rF:        It protects you from fire.
Jewellery
 d - an amulet of regeneration (around neck)
 s - a ring of protection from fire
 F - the ring of Imephuh (left hand) {rC+++ Will+ MP+9 Str-3 Dex+6}
   (You took it off a minotaur in a Gauntlet)

   [ring of dexterity]

   Str:       It affects your strength (-3).
   Dex:       It affects your dexterity (+6).
   rC:        It renders you almost immune to cold.
   MP:        It affects your magic capacity (+9).
   Will:      It increases your willpower.
 K - a ring of positive energy
 S - an amulet of reflection
 W - a ring of see invisible (right hand)
Wands
 e - a wand of paralysis (8)
 p - a wand of digging (27)
 u - a wand of flame (49)
 x - a wand of charming (3)
 y - a wand of iceblast (40)
 H - a wand of polymorph (4)
 N - a wand of mindburst (10)
 R - a wand of acid (13)
Scrolls
 b - a scroll of amnesia
 h - 22 scrolls of teleportation
 i - 2 scrolls of silence
 l - 4 scrolls of fog
 n - 3 scrolls of fear
 t - 4 scrolls of blinking
 w - 5 scrolls of enchant armour
 G - 5 scrolls of magic mapping
 J - 3 scrolls of summoning
 V - 8 scrolls of identify
Potions
 f - 10 potions of lignification
 g - 5 potions of haste
 k - 3 potions of berserk rage
 o - 6 potions of curing
 q - 3 potions of resistance
 z - 4 potions of mutation
 B - 5 potions of might
 C - 3 potions of invisibility
 D - 5 potions of ambrosia
 O - a potion of cancellation
Miscellaneous
 A - a phial of floods
 Q - a box of beasts
 Y - a phantom mirror


   Skills:
 + Level 18.5 Fighting
 - Level 18.0 Axes
 - Level 10.0 Throwing
 - Level 12.0 Armour
 - Level 6.0 Dodging
 - Level 14.0 Shields
 + Level 19.4 Invocations
 - Level 8.0 Evocations


You had 17 spell levels left.
You didn't know any spells.
Your spell library contained the following spells:

 Spells                   Type           Power      Damage    Failure   Level
 Animate Skeleton         Necr           0%         N/A       96%         1
 Apportation              Tloc           0%         N/A       96%         1
 Pain                     Necr           0%         1d4       96%         1
 Blink                    Tloc           0%         N/A       99%         2
 Ozocubu's Armour         Ice            0%         N/A       100%        3
 Vampiric Draining        Necr           0%         2d6       100%        3
 Animate Dead             Necr           0%         N/A       100%        4
 Summon Ice Beast         Ice/Summ       0%         N/A       100%        4
 Alistair's Intoxication  Tmut/Pois      0%         N/A       100%        5
 Borgnjor's Vile Clutch   Necr/Erth      0%         N/A       100%        5
 Manifold Assault         Tloc           0%         N/A       100%        5
 Summon Forest            Summ/Tloc      0%         N/A       100%        5
 Summon Mana Viper        Hex/Summ       0%         N/A       100%        5
 Conjure Ball Lightning   Conj/Air       0%         3x3d6     100%        6
 Death Channel            Necr           0%         N/A       100%        6
 Summon Cactus Giant      Summ           0%         N/A       100%        6
 Monstrous Menagerie      Summ           0%         N/A       100%        7
 Ozocubu's Refrigeration  Ice            0%         4d5       100%        7
 Storm Form               Tmut/Air       0%         N/A       100%        7
 Discord                  Hex            0%         N/A       100%        8
 Disjunction              Tloc           0%         N/A       100%        8


Dungeon Overview and Level Annotations

Branches:
Dungeon (15/15)            Temple (0/1) D:5            Lair (6/6) D:11
  Swamp (4/4) Lair:3        Snake (4/4) Lair:2        Slime (0/5) Lair:5
    Orc (2/2) D:10            Elf (0/3) Orc:2        Vaults (0/5) D:13
 Depths (0/4) D:15          IceCv (visited)         Gauntlet (visited)

Altars:
Cheibriados
Gozag
Hepliaklqana
Okawaru
Yredelemnul
Beogh
Jiyva

Shops:
D:9 ?   D:12 *   Orc:2 ([?!*   Snake:1 ::=   Snake:2 *

Annotations:
D:3 1 runed translucent door, XVortexX's ghost, amateur NaTm
D:15 3 runed translucent doors
Lair:5 1 runed translucent door
Snake:4 Nergalle


Message History

Your magical effects are unravelling.
You feel magically purged.
You feel yourself speed up.
Your attacks no longer feel as feeble.
You block the naga mage's attack. The naga mage grabs you.
The naga mage constricts you.
* * * LOW HITPOINT WARNING * * *
The salamander mystic hits you with a +0 dagger.
* * * LOW HITPOINT WARNING * * *
You are engulfed in flames!
* * * LOW HITPOINT WARNING * * *
The salamander mystic hits Borgoth with a +0 quarterstaff!
Borgoth is engulfed in flames!
Borgoth roars a battlecry!
Berold goes into a battle-frenzy!
Berold misses the naga sharpshooter.
The naga mage spits poison at you. You block the splash of poison.
The naga mage constricts you.
The salamander mystic hits you but does no damage.
The salamander mystic hits Borgoth but does no damage.
The naga sharpshooter casts a spell.
The naga sharpshooter magically shoots a bolt.
The bolt hits you!
* * * LOW HITPOINT WARNING * * *
Borgoth hits the salamander mystic with a +0 great sword!!
Berold hits the naga sharpshooter from afar with the +4 trident of Ascent {flame, *Slow rF+++ rN+++ Int-4}!!
Berold burns the naga sharpshooter.
The naga sharpshooter dies!
Beogh accepts your kill.
The naga mage hits you with a +0 battleaxe.
* * * LOW HITPOINT WARNING * * *
The naga mage constricts you.
Blink to where?
Press: ? - help, Dir - move target The naga mage's grasp on you weakens, but your attempt to escape fails.
As you read the scroll of blinking, it crumbles to dust.
Borgoth no longer looks unusually strong.
Borgoth looks more healthy.
The salamander mystic casts a spell at you.
The lance of force hits you.
You die...

####...)# #. ##..Z.Z.##
..≈≈≈ #. ##
###..#....####'#≈≈≈ ##
..####...##.##.#).....§≈
#
........#...##^#.......≈
............##.#.......≈
...............#......§§
..##...#..#.#..#)N..≈≈≈§
###.......#.#.##@N≈≈≈≈≈≈
..#.....#.#.###.ooN≈≈≈≈≈
..).#o..#...##..)≈≈§####
o.####)...###..≈≈§###
.###.)....##..≈≈≈##
####.....##..≈≈≈##
........##..≈≈≈##
.......##..≈≈≈##
.....o)#..≈≈≈##


You could see 2 salamander mystics, a naga mage (fast, ally target), the
friendly Berold the orc warlord (strong, poisoned) and the friendly Borgoth the
orc knight.

Vanquished Creatures
  the Lernaean hydra (Swamp:4)
  2 Ice Fiends (IceCv)
  Louise (Snake:3)
  The ghost of mrw3rdna the Slicer, a journeyman SpEn of Okawaru (Orc:2)
  2 stone giants
  An eleionoma (Swamp:2)
  A minotaur (Gauntlet)
  2 bunyips
  Snorg (D:10)
  A yaktaur captain (D:12)
  The ghost of quokkamancerX the Fighter, a journeyman DsBe of Trog (D:10)
  3 naga warriors
  13 hydras
  3 boulder beetles
  4 caustic shrike simulacra (IceCv)
  A ghost crab (Swamp:3)
  2 ogre magi (D:15)
  A catoblepas (Lair:5)
  2 anacondas
  5 centaur warriors
  7 two-headed ogres
  8 alligators
  5 death yaks
  5 tengu warriors
  2 shock serpents
  A naga sharpshooter (Snake:2)
  Urug (D:10)
  A salamander mystic (Snake:4)
  5 skeletal warriors (D:15)
  5 goliath frogs
  A flayed ghost (D:12)
  2 spriggan druids
  6 swamp dragons
  A spriggan simulacrum (IceCv)
  7 bog bodies
  A phantasmal warrior (D:12)
  2 obsidian statues (IceCv)
  2 mana vipers
  2 deep elf pyromancers
  4 ugly things (D:14)
  An orc sorcerer (Orc:2)
  4 orc knights (Orc:2)
  5 cyclopes
  4 manticores
  5 salamanders
  A wolf spider (Lair:6)
  7 elephants
  20 black mambas
  7 naga magi
  2 guardian serpents
  An ice statue (Gauntlet)
  20 cane toads
  2 gargoyles
  6 torpor snails
  3 rime drakes
  3 kobold demonologists (D:11)
  12 komodo dragons
  A yaktaur (D:12)
  Maggie (D:6)
  An efreet (D:14)
  6 freezing wraiths
  2 unseen horrors
  2 tengu conjurers
  3 golden dragon simulacra (IceCv)
  2 meliai
  8 polar bears (Lair:6)
  A queen bee (Lair:5)
  5 trolls
  The ghost of XVortexX the Ruffian, an amateur NaTm (D:4)
  7 hornets
  Grinder (D:5)
  A wolf spider simulacrum (D:15)
  A hornet (shapeshifter) (D:15)
  3 tyrant leeches
  11 blink frogs
  3 raiju
  5 slime creatures
  11 dream sheep
  A culicivora (shapeshifter) (D:13)
  3 shadows (Gauntlet)
  6 spriggans
  70 yaks
  A vampire (D:10)
  5 wraiths
  11 wyverns
  4 humans (D:13)
  A basilisk (D:8)
  A steam dragon (D:8)
  Grum (D:9)
  A redback (Lair:6)
  6 vampire mosquitoes
  26 nagas
  8 swamp worms
  6 wargs
  21 water moccasins
  2 hydra simulacra (IceCv)
  4 acid dragons
  9 hell hounds (Lair:6)
  15 orc warriors
  9 black bears (Lair:6)
  6 swamp drakes
  An alligator simulacrum (IceCv)
  6 ice beasts
  4 sky beasts
  3 ettin simulacra (IceCv)
  19 wolves
  10 ogres
  11 centaurs
  3 phantoms
  Blork the orc (D:6)
  6 kobold brigands
  8 bullfrogs
  2 scorpions
  A deep troll simulacrum (IceCv)
  A gnoll sergeant (D:8)
  A water moccasin skeleton (D:7)
  18 killer bees
  A jelly (D:6)
  A troll skeleton (D:13)
  8 wights
  7 howler monkeys
  5 spriggan skeletons (D:13)
  A vampire bat (D:9)
  A bullfrog zombie (D:5)
  3 centaur zombies
  2 hounds
  9 orc priests
  A gnoll shaman (D:7)
  3 iguanas
  A scorpion zombie (D:5)
  7 orc wizards
  2 lightning spires (Gauntlet)
  A killer bee zombie (D:6)
  A hound zombie (D:4)
  A hound skeleton (D:4)
  2 howler monkey zombies
  4 adders
  18 gnolls
  A howler monkey skeleton (D:7)
  6 white imps
  2 ufetubi (D:7)
  An adder skeleton (D:4)
  3 worms
  5 dart slugs
  35 orcs
  6 ball pythons
  6 endoplasms
  5 giant cockroaches
  14 goblins
  9 hobgoblins
  2 jackals (D:2)
  17 kobolds
  6 quokkas
  17 bats
  6 frilled lizards
  5 rats
  A fungus (Lair:6)
833 creatures vanquished.

Vanquished Creatures (collateral kills)
  A thorn hunter (Swamp:4)
  A nagaraja (Snake:2)
  4 eleionomae
  Josephine (Orc:1)
  2 shambling mangroves
  2 vault guards (D:13)
  4 boulder beetles
  2 salamander tyrants
  11 hydras
  2 naga warriors
  3 two-headed ogres (D:15)
  An alligator (Swamp:1)
  2 death yaks
  2 centaur warriors
  6 shock serpents
  6 naga sharpshooters
  4 salamander mystics (Snake:4)
  An orc knight (Swamp:4)
  A skeletal warrior (D:13)
  4 goliath frogs
  4 swamp dragons (Swamp:4)
  7 bog bodies
  2 spriggan druids
  3 naga ritualists
  A lindwurm (Snake:4)
  2 ugly things (D:13)
  2 mana vipers
  An orc sorcerer (Orc:2)
  6 salamanders
  A manticore (D:14)
  2 elephants (Lair:5)
  3 cyclopes (D:13)
  A will-o-the-wisp (Swamp:4)
  A guardian serpent (Snake:4)
  10 naga magi
  19 black mambas
  8 cane toads
  3 komodo dragons
  4 tyrant leeches
  12 blink frogs
  7 hornets
  3 polar bears
  2 meliai (Lair:5)
  8 dream sheep
  A slime creature (D:13)
  3 wraiths
  17 yaks
  3 spriggans
  3 wyverns (Lair:6)
  A basilisk (D:12)
  6 humans (D:13)
  3 vampire mosquitoes
  3 wargs (Lair:6)
  4 swamp worms
  12 nagas
  9 water moccasins
  5 hell hounds (Lair:6)
  4 swamp drakes
  2 black bears (Lair:6)
  5 orc warriors
  7 wolves
  6 centaurs
  2 bullfrogs
  2 killer bees (Lair:5)
  A spriggan skeleton (D:13)
  An orc priest (Orc:2)
  A white imp (D:10)
  4 orcs
277 creatures vanquished.

Vanquished Creatures (others)
  An orc warlord (Snake:4)
  Nergalle (twice) (D:13 Snake:4)
  4 orc knights
  A deep elf pyromancer (D:8)
  An orc sorcerer (Orc:1)
  3 bloated husks
  7 orc warriors
  2 orc wizards (Orc:2)
  A gnoll sergeant (D:8)
  A jelly (D:8)
  4 orc priests
  22 orcs
  2 foxfires (Swamp:4)
  37 fungi
  73 plants
  25 withered plants (Gauntlet)
186 creatures vanquished.

Grand Total: 1296 creatures vanquished

Notes
Turn   | Place    | Note
-------+----------+-------------------------------------------
     0 | D:1      | safid the Hill Orc Fighter began the quest for the Orb.
     0 | D:1      | Reached XP level 1. HP: 19/19 MP: 1/1
    69 | D:1      | Reached XP level 2. HP: 19/27 MP: 2/2
   444 | D:1      | Reached XP level 3. HP: 33/33 MP: 3/3
   526 | D:1      | Found a faded altar of an unknown god.
  1071 | D:2      | Reached XP level 4. HP: 12/40 MP: 4/4
  1300 | D:2      | HP: 2/40 [gnoll/+0 halberd (1)]
  2333 | D:3      | Reached skill level 5 in Axes
  2423 | D:3      | Reached XP level 5. HP: 46/46 MP: 5/5
  2734 | D:3      | Found a runed translucent door.
  2734 | D:3      | Noticed XVortexX's ghost (amateur NaTm)
  2945 | D:4      | Noticed a yak
  2946 | D:4      | Noticed a yak
  2948 | D:4      | Noticed a yak
  2970 | D:3      | Killed a yak
  2971 | D:3      | Reached XP level 6. HP: 5/52 MP: 6/6
  2973 | D:3      | Killed a yak
  2974 | D:3      | Reached XP level 7. HP: 7/59 MP: 7/7
  3269 | D:4      | Killed a yak
  3572 | D:4      | Found a runed translucent gate.
  3572 | D:4      | Noticed XVortexX's ghost (amateur NaTm)
  3822 | D:4      | Reached skill level 10 in Axes
  3944 | D:4      | Identified the +4 mace of the Puffin {venom, Str+4}
  3944 | D:4      | Identified the +8 chain mail of Fon Xoaxzo {rPois Dex+4}
  3945 | D:4      | Found a runed translucent gate.
  3949 | D:4      | Found a runed translucent gate.
  3952 | D:4      | Found a roughly hewn altar of Beogh.
  4001 | D:4      | Found a basalt altar of Yredelemnul.
  4422 | D:4      | Reached XP level 8. HP: 63/66 MP: 8/8
  4461 | D:5      | Entered Level 5 of the Dungeon
  4612 | D:5      | Noticed Grinder
  4623 | D:5      | Paralysed by something for 4 turns
  4634 | D:5      | Killed Grinder
  5217 | D:5      | Found a staircase to the Ecumenical Temple.
  5300 | D:6      | Reached XP level 9. HP: 25/71 MP: 9/9
  5634 | D:6      | Noticed Maggie
  5651 | D:6      | Killed Maggie
  5652 | D:6      | Reached skill level 15 in Axes
  5833 | D:6      | Noticed Blork the orc
  5872 | D:6      | Reached skill level 5 in Fighting
  5879 | D:6      | Killed Blork the orc
  6300 | D:7      | Reached XP level 10. HP: 79/86 MP: 10/10
  7341 | D:8      | Noticed a cyclops
  7351 | D:8      | Killed a cyclops
  7352 | D:8      | Reached skill level 10 in Fighting
  7352 | D:8      | Became a worshipper of Beogh the Brigand
  7365 | D:8      | Noticed a deep elf pyromancer
  7394 | D:8      | Killed a deep elf pyromancer
  7476 | D:8      | Killed an unseen horror
  7922 | D:8      | Reached * piety under Beogh
  8027 | D:8      | Reached skill level 5 in Armour
  8116 | D:8      | Reached XP level 11. HP: 76/104 MP: 11/11
  8480 | D:9      | Found Dokit's Magic Scroll Boutique.
  8524 | D:9      | Bought a scroll of identify for 30 gold pieces
  8524 | D:9      | Bought a scroll of identify for 30 gold pieces
  8524 | D:9      | Bought a scroll of identify for 30 gold pieces
  8524 | D:9      | Bought a scroll of enchant weapon for 112 gold pieces
  8674 | D:9      | Noticed Grum
  8685 | D:9      | Killed Grum
  8689 | D:9      | Reached ** piety under Beogh
  9220 | D:9      | Found a hazy altar of Hepliaklqana.
  9458 | D:4      | Killed XVortexX's ghost
  9474 | D:4      | Identified the +2 pair of gloves of the Arcane {rN+ Will++
                  | Int+4}
  9709 | D:10     | Entered Level 10 of the Dungeon
  9717 | D:10     | Found a runed translucent gate.
  9791 | D:10     | Found a runed translucent gate.
  9792 | D:10     | Found a runed translucent gate.
  9837 | D:10     | Found a staircase to the Orcish Mines.
 10153 | D:10     | Noticed quokkamancerX's ghost (journeyman DsBe)
 10189 | D:10     | Noticed Snorg
 10199 | D:10     | Killed Snorg
 10291 | D:10     | Noticed Urug
 10302 | D:10     | Killed Urug
 10303 | D:10     | Reached skill level 10 in Armour
 10640 | D:11     | Reached skill level 1 in Invocations
 10678 | D:11     | Reached skill level 1 in Throwing
 10686 | D:11     | Reached skill level 1 in Dodging
 10720 | D:11     | Reached skill level 2 in Invocations
 10868 | D:11     | Noticed a seven-headed hydra
 10881 | D:11     | HP: 5/104 [14-headed hydra (11)]
 10915 | D:11     | Noticed a two-headed ogre
 10959 | D:11     | Killed a two-headed ogre
 10960 | D:11     | Reached skill level 3 in Invocations
 10960 | D:11     | Reached XP level 12. HP: 43/112 MP: 10/14
 11093 | D:11     | Found a staircase to the Lair.
 11767 | D:11     | Noticed a two-headed ogre
 11776 | D:11     | Killed a two-headed ogre
 11776 | D:11     | Reached *** piety under Beogh
 11777 | D:11     | Reached skill level 4 in Invocations
 11904 | Lair:1   | Entered Level 1 of the Lair of Beasts
 12226 | Lair:1   | Reached skill level 5 in Invocations
 12418 | Lair:1   | Found a snail-covered altar of Cheibriados.
 12723 | Lair:1   | Reached skill level 6 in Invocations
 13081 | Lair:2   | Reached skill level 7 in Invocations
 13102 | Lair:2   | Reached **** piety under Beogh
 13127 | Lair:2   | Reached skill level 5 in Throwing
 13145 | Lair:2   | Found a staircase to the Snake Pit.
 13175 | Lair:2   | Found an opulent altar of Gozag.
 13200 | Lair:2   | Reached XP level 13. HP: 118/118 MP: 18/18
 13221 | Lair:2   | Gained Wulfoc as an ally
 13281 | Lair:2   | Reached skill level 5 in Dodging
 13281 | Lair:2   | Reached skill level 8 in Invocations
 13958 | Lair:3   | Reached skill level 9 in Invocations
 13969 | Lair:3   | Reached ***** piety under Beogh
 14165 | Lair:3   | Found a staircase to the Swamp.
 14484 | Lair:3   | Reached skill level 10 in Invocations
 14894 | Lair:4   | Identified the +4 trident of Ascent {flame, *Slow rF+++
                  | rN+++ Int-4}
 15146 | Lair:4   | Reached skill level 11 in Invocations
 15308 | Lair:4   | Reached XP level 14. HP: 111/126 MP: 22/22
 15314 | Lair:4   | Reached skill level 12 in Invocations
 15699 | Lair:4   | Identified the +3 scale mail "Epyll" {rPois rF+++ Dex-5
                  | Slay-5}
 16054 | Lair:5   | Identified the +8 spear "Moyjir" {freeze, +Blink rElec rC+}
 16120 | Lair:5   | Reached skill level 10 in Throwing
 16247 | Lair:5   | Found a runed translucent door.
 16247 | Lair:5   | Found a viscous altar of Jiyva.
 16247 | Lair:5   | Found a staircase to the Slime Pits.
 16247 | Lair:5   | Noticed an acid blob
 16247 | Lair:5   | Noticed an acid blob
 16247 | Lair:5   | Noticed an acid blob
 16301 | Lair:5   | Reached skill level 1 in Evocations
 16774 | Lair:6   | Entered Level 6 of the Lair of Beasts
 16968 | Lair:6   | Reached ****** piety under Beogh
 17243 | Lair:6   | Reached skill level 13 in Invocations
 17782 | Lair:6   | Reached XP level 15. HP: 127/134 MP: 24/24
 18182 | Lair:6   | Reached skill level 5 in Evocations
 18748 | Orc:1    | Entered Level 1 of the Orcish Mines
 18805 | Orc:1    | Noticed Josephine
 18816 | Orc:1    | Killed Josephine
 18822 | Orc:1    | Reached skill level 14 in Invocations
 19191 | Orc:2    | Entered Level 2 of the Orcish Mines
 19221 | Orc:2    | Noticed mrw3rdna's ghost (journeyman SpEn)
 19254 | Orc:2    | Gained Geork as an ally
 19298 | Orc:2    | Your ally Geork died
 19367 | Orc:2    | Found Quvil's Distillery.
 19379 | Orc:2    | Bought a potion of brilliance for 64 gold pieces
 19379 | Orc:2    | Bought a potion of attraction for 48 gold pieces
 19379 | Orc:2    | Bought a potion of heal wounds for 80 gold pieces
 19379 | Orc:2    | Bought a potion of curing for 48 gold pieces
 19379 | Orc:2    | Bought a potion of heal wounds for 80 gold pieces
 19390 | Orc:2    | Found Udecvun's General Store.
 19431 | Orc:2    | Bought a scroll of brand weapon for 280 gold pieces
 19431 | Orc:2    | Bought a potion of heal wounds for 70 gold pieces
 19431 | Orc:2    | Bought a potion of flight for 42 gold pieces
 19431 | Orc:2    | Bought a phial of floods for 560 gold pieces
 19514 | Orc:2    | Gained Berold as an ally
 19588 | Orc:2    | Found a transporter.
 19620 | Orc:2    | Found a roughly hewn altar of Beogh.
 19629 | Orc:2    | Found a transporter.
 19693 | Orc:2    | Found a staircase to the Elven Halls.
 19761 | Orc:2    | Found Qeem's Magic Scroll Boutique.
 19761 | Orc:2    | Found Jasan's Antique Armour Shoppe.
 19799 | Orc:2    | Bought a scroll of enchant weapon for 97 gold pieces
 19799 | Orc:2    | Bought a scroll of identify for 26 gold pieces
 19799 | Orc:2    | Bought a scroll of identify for 26 gold pieces
 19799 | Orc:2    | Bought a scroll of identify for 26 gold pieces
 19799 | Orc:2    | Bought a scroll of enchant weapon for 97 gold pieces
 19814 | Orc:2    | Found Raxuh's Weapon Emporium.
 19894 | Orc:2    | Found a roughly hewn altar of Beogh.
 20041 | Orc:2    | Killed mrw3rdna's ghost
 20159 | D:10     | Killed quokkamancerX's ghost
 20393 | D:12     | Noticed Nergalle
 20806 | D:12     | Found Beny's General Store.
 20815 | D:12     | Bought a scroll of teleportation for 39 gold pieces
 20936 | D:12     | Found the +8 glaive of the Guard {elec, spectral, AC+5}
 21382 | D:13     | Reached skill level 15 in Invocations
 21413 | D:13     | Found a gate leading to a gauntlet.
 21422 | Gauntlet | Entered a Gauntlet
 21422 | Gauntlet | Found a transporter.
 21422 | Gauntlet | Found a transporter.
 21426 | Gauntlet | Found a transporter.
 21426 | Gauntlet | Found a transporter.
 21428 | Gauntlet | Found a large runed translucent door.
 21429 | Gauntlet | Found a large runed translucent door.
 21430 | Gauntlet | Found a large runed translucent door.
 21430 | Gauntlet | Found a large runed translucent door.
 21430 | Gauntlet | Found a runed translucent door.
 21431 | Gauntlet | Found a large runed translucent door.
 21432 | Gauntlet | Found a large runed translucent door.
 21433 | Gauntlet | Found a large runed translucent door.
 21433 | Gauntlet | Found a large runed translucent door.
 21434 | Gauntlet | Found a runed translucent gate.
 21436 | Gauntlet | Found a transporter.
 21446 | Gauntlet | Found a transporter.
 21446 | Gauntlet | Found a transporter.
 21470 | Gauntlet | Found a transporter.
 21472 | Gauntlet | Found a runed translucent gate.
 21472 | Gauntlet | Found a runed translucent gate.
 21474 | Gauntlet | Found a large runed translucent door.
 21475 | Gauntlet | Found a large runed translucent door.
 21477 | Gauntlet | Found a transporter.
 21489 | Gauntlet | Found a transporter.
 21496 | Gauntlet | Found a runed translucent door.
 21505 | Gauntlet | Found a large runed translucent door.
 21505 | Gauntlet | Found a large runed translucent door.
 21505 | Gauntlet | Found a large runed translucent door.
 21505 | Gauntlet | Found a large runed translucent door.
 21506 | Gauntlet | Found a large runed translucent door.
 21507 | Gauntlet | Found a large runed translucent door.
 21527 | Gauntlet | Found a transporter.
 21573 | Gauntlet | Found a transporter.
 21587 | Gauntlet | Found a transporter.
 21672 | Gauntlet | Found a transporter.
 21687 | Gauntlet | Found a transporter.
 21701 | Gauntlet | Found a transporter.
 22133 | Gauntlet | Identified the +2 helmet of Atheism {rN+ Dex+4}
 22224 | Gauntlet | Identified the +3 scythe "Fasief" {vamp, rPois}
 22224 | Gauntlet | Identified the ring of Imephuh {rC+++ Will+ MP+9 Str-3
                  | Dex+6}
 22279 | Gauntlet | Identified the +0 chain mail of the Fiend {rElec}
 22355 | D:13     | Reached XP level 16. HP: 134/147 MP: 27/27
 22603 | D:13     | Your ally Nergalle died
 22657 | D:13     | Found a gate to the Vaults.
 22803 | D:13     | Reached skill level 15 in Fighting
 23139 | D:13     | Reached skill level 5 in Shields
 23603 | D:14     | Found an iron altar of Okawaru.
 23619 | D:14     | Identified the +8 ring mail of Immorality {rF+ Dex+3}
 23932 | D:14     | Reached skill level 16 in Invocations
 24159 | D:14     | You fall into a shaft and drop 1 floor!
 24159 | D:15     | Entered Level 15 of the Dungeon
 24163 | D:15     | Found a staircase to the Depths.
 24255 | D:15     | Found a frozen archway.
 24270 | IceCv    | Entered an ice cave
 24944 | IceCv    | Noticed an Ice Fiend
 24944 | IceCv    | Noticed an Ice Fiend
 24956 | IceCv    | Killed an Ice Fiend
 24960 | IceCv    | Killed an Ice Fiend
 25076 | IceCv    | Identified the +1 ice dragon scales of Entitlement {Harm
                  | rF- rC++ Int+3 Stlth-}
 25227 | D:15     | Identified the +4 rapier of Moeniseme {freeze, Will+}
 25317 | D:15     | Reached XP level 17. HP: 139/158 MP: 29/29
 25539 | D:15     | Found a runed translucent gate.
 25539 | D:15     | Found a runed translucent gate.
 25539 | D:15     | Found a runed translucent gate.
 26126 | Swamp:1  | Entered Level 1 of the Swamp
 26236 | Swamp:1  | Reached skill level 17 in Invocations
 26260 | Swamp:1  | Gained Ognian as an ally
 26281 | Swamp:1  | Reached skill level 10 in Shields
 28146 | Swamp:4  | Entered Level 4 of the Swamp
 28300 | Swamp:4  | Reached skill level 18 in Invocations
 28889 | Swamp:4  | Noticed the 27-headed Lernaean hydra
 28896 | Swamp:4  | Killed the 27-headed Lernaean hydra
 28901 | Swamp:4  | Got a decaying rune of Zot
 29182 | Snake:1  | Entered Level 1 of the Snake Pit
 29341 | Snake:1  | Reached XP level 18. HP: 128/170 MP: 31/31
 29546 | Snake:1  | You fall into a shaft and drop 1 floor!
 29658 | Snake:2  | Found Teupnaenk's Gadget Gallery.
 29675 | Snake:2  | Bought a box of beasts for 600 gold pieces
 29675 | Snake:2  | Bought a phantom mirror for 600 gold pieces
 29953 | Snake:1  | Your ally Ognian died
 30154 | Snake:1  | Found Muases's Jewellery Boutique.
 30154 | Snake:1  | Found Suaqeg's Book Emporium.
 30155 | Snake:1  | Found Feimpud's Book Emporium.
 31558 | Snake:3  | Noticed Louise
 31573 | Snake:3  | Killed Louise
 31842 | Snake:4  | Entered Level 4 of the Snake Pit
 32034 | Snake:4  | Identified the +5 trident "Tubefy" {venom, rF+ Int+4}
 32140 | Snake:4  | Reached skill level 19 in Invocations
 32376 | Snake:4  | Your ally Nergalle died
 32379 | Snake:4  | Your ally Wulfoc died
 32380 | Snake:4  | Gained Borgoth as an ally
 32381 | Snake:4  | HP: 6/173 [naga sharpshooter/bolt (7)]
 32381 | Snake:4  | HP: 1/173 [naga mage/+0 battleaxe (5)]
 32382 | Snake:4  | Killed from afar by a salamander mystic

Illustrated notes

Levels and vault maps discovered:
D:1:      dpeg_arrival_pits, layout_rooms, basic_ecumenical_altar
D:2:      layout_loops_corners, serial_rivers, chequers_serial_rivers_micro_b,
          chequers_serial_rivers_micro_d, chequers_serial_rivers_room_a,
          chequers_serial_rivers_marsh, chequers_serial_rivers_room_a
D:3:      layout_loops_cross, gammafunk_ghost_grave
D:4:      layout_basic, yredelemnul_altar_generic, biasface_ghost_orc_armoury
D:5:      layout_gridville, temple_hall, uniq_grinder
D:6:      corexii_shantytown, layout_basic, serial_rivers,
          chequers_serial_rivers_micro_c, chequers_serial_rivers_small_a,
          chequers_serial_rivers_large_a, chequers_serial_rivers_marsh,
          chequers_serial_rivers_room_b, uniq_blork_the_orc, uniq_maggie
D:7:      layout_loops_ring
D:8:      layout_basic, nzn_random_ring
D:9:      layout_layer_cave, worldfamousw_hep_ancestral_shrine, serial_shops,
          shop, roderic_batcave, uniq_grum
D:10:     layout_loops_cross, orc_0_dummy, gammafunk_ghost_icy, serial_rivers,
          chequers_serial_rivers_room_a, chequers_serial_rivers_room_a,
          chequers_serial_rivers_marsh, chequers_serial_rivers_micro_b,
          chequers_serial_rivers_micro_b, hangedman_abyss_or_decor_slice,
          uniq_snorg, uniq_urug
D:11:     layout_cave_pods, erik_lair_orcish_takeover, minmay_statues_item,
          kennysheep_generic_room_10
D:12:     minmay_guarded_unrand_guard, layout_loops_cross, serial_shops,
          nicolae_lakefront_shop, uniq_nergalle
D:13:     minmay_box_of_statues, layout_irregular_city,
          ximxim_vaults_locker_room, gauntlet_entry_generic,
          hangedman_tell_no_tales
D:14:     layout_basic, okawaru_trees_1
D:15:     grunt_enter_depths_giant_problem, layout_basic,
          hangedman_abyss_or_decor_stabs,
          ploomutoo_gammafunk_ghost_potion_laboratory,
          portal_ice_cave_entry_pillars_1
Lair:1:   layout_cave_pods, kennysheep_snail_temple, serial_bayou_shore_b
Lair:2:   layout_loops_ring, minmay_snake_entry_guardpost_small, basic_altar,
          grunt_megastairs_2
Lair:3:   layout_regular_city, minmay_swamp_entry_reptiles, beast_lair_carwin_8,
          grunt_megastairs_3
Lair:4:   layout_cave_pods
Lair:5:   layout_hall_layers, slime_altar_2, special_room [special_room_bee]
Lair:6:   hangedman_lair_tendril_chambers, layout_layer_cave,
          hangedman_lair_caniforms_friends, pond
Swamp:1:  layout_basic_swamp, serial_swamp_ruin, evilmike_swamp_ruin_house_5,
          evilmike_swamp_ruin_wall, swamp_pool1
Swamp:2:  layout_basic_swamp, nicolae_swamp_triple_paths,
          infiniplex_staircase_pool
Swamp:3:  layout_falls_marsh, nicolae_swamp_trees_clearing
Swamp:4:  grunt_swamp_rune_castle, layout_basic_swamp
Snake:1:  layout_onion_interference, st_stairs_2, grunt_ministairs_10,
          minmay_shop_grove
Snake:2:  layout_grid_maze, nicolae_shop_gadgets
Snake:3:  layout_onion, serial_bayou_shore_b, lemuel_fruit_tree, uniq_louise
Snake:4:  snake_pit_salamanders_mu, layout_misc_corridors
Orc:1:    layout_caves, uniq_josephine
Orc:2:    st_orc_town, layout_diamond_mine, serial_shops, shop,
          gammafunk_ghost_arena, basic_altar, hellmonk_bongcloud_opening

Skill      XL: |  1  2  3  4  5  6  7  8  9 10 11 12 13 14 15 16 17 18 |
---------------+-------------------------------------------------------+-----
Axes           | 3 5 7 8 11 14 16 17 18 | 18.0
Fighting       | 4 7 12 14 16 17 18 | 18.5
Armour         | 4 5 10 12 | 12.0
Shields        | 4 9 12 14 | 14.0
Invocations    | 3 7 11 13 15 16 18 19 | 19.4
Throwing       | 2 5 8 10 | 10.0
Dodging        | 2 4 6 |  6.0
Evocations     | 3 7 8 |  8.0

Action                   |  1- 3 |  4- 6 |  7- 9 | 10-12 | 13-15 | 16-18 || total
-------------------------+-------+-------+-------+-------+-------+-------++-------
Melee: War axe           |    99 |    99 |   342 |   636 |   428 |       ||  1604
       Broad axe         |       |       |       |       |   597 |   876 ||  1473
Throw: Boomerang         |       |       |       |     3 |       |       ||     3
Invok: Convert to Beogh  |       |       |       |     1 |       |       ||     1
       Smiting           |       |       |       |     4 |    27 |    11 ||    42
       Give Item to Name |       |       |       |       |     3 |     1 ||     4
       Recall Orcish Fol |       |       |       |       |     2 |     7 ||     9
       Stop Recall       |       |       |       |       |     1 |     7 ||     8
       Resurrection      |       |       |       |       |       |     1 ||     1
  Use: Potion            |       |     1 |       |     3 |     7 |     7 ||    18
       Scroll            |       |       |     7 |    14 |    12 |     9 ||    42
 Stab: Confused          |       |       |       |       |     1 |       ||     1
       Distracted        |       |       |       |       |     4 |    11 ||    15
       Invisible         |       |       |       |       |     3 |       ||     3
Armor: Scale mail        |    10 |       |       |       |       |       ||    10
       Plate armour      |    44 |    89 |   171 |   147 |       |       ||   451
       Chain mail        |       |       |       |   233 |   650 |   560 ||  1443
Dodge: Dodged            |    34 |    37 |    83 |   201 |   490 |   344 ||  1189
Block: Buckler           |    26 |    38 |    44 |   147 |   242 |    17 ||   514
       Kite shield       |       |       |       |       |       |   564 ||   564
